 Dungeon Crawl Stone Soup version 0.21.0-25-ge575cb9 (webtiles) character file.

119 Mgcat the Insei (level 5, 0/37 HPs)
             Began as a Merfolk Transmuter on Jan 24, 2018.
             Slain by an orc
             ... wielding a +0 dagger
              (2 damage)
             ... while paralysed by Grinder
             ... on level 3 of the Dungeon.
             The game lasted 00:05:40 (3050 turns).

Mgcat the Insei (Merfolk Transmuter)                Turns: 3050, Time: 00:05:41

Health: 0/37       AC:  2    Str: 11    XL:     5   Next: 3%
Magic:  7/9        EV:  2    Int: 13    God:
Gold:   93         SH:  0    Dex: 14    Spells: 3/9 levels left

rFire    . . .     SeeInvis .     - Unarmed
rCold    . . .     Gourm    .   (no shield)
rNeg     . . .     Faith    .   b - +0 robe
rPois    .         Spirit   .   (no helmet)
rElec    .         Reflect  .   (no cloak)
rCorr    .         Harm     .   (no gloves)
MR       .....                  (no boots)
Stlth    +.........             (no amulet)
HPRegen  0.12/turn              (no ring)
MPRegen  0.11/turn              (no ring)

@: paralysed, flying
A: change form in water, swift swim, stealthy swim
a: no special abilities


You were on level 3 of the Dungeon.
You were not hungry.

You visited 1 branch of the dungeon, and saw 3 of its levels.

You collected 93 gold pieces.

Inventory:

Missiles
 a - 33 arrows
Armour
 b - a +0 robe (worn)
Jewellery
 g - an uncursed ring of wizardry {unknown}
Scrolls
 e - 2 scrolls of blinking {unknown}
 h - 2 scrolls of teleportation {unknown}
 j - a scroll of enchant weapon {unknown}
 l - 2 scrolls of random uselessness {unknown}
 n - a scroll of identify {unknown}
 p - 2 scrolls of remove curse {unknown}
Potions
 i - a potion of agility {unknown}
 k - a potion of flight
 m - a potion of degeneration {unknown}
Books
 c - a book of Changes

   Spells                             Type                      Level
   a - Beastly Appendage              Transmutation                1
   b - Sticks to Snakes               Transmutation                2
   c - Spider Form                    Transmutation/Poison         3
   d - Ice Form                       Ice/Transmutation            4
   e - Blade Hands                    Transmutation                5
Comestibles
 d - 4 rations


   Skills:
 - Level 1.1 Fighting
 - Level 2.6 Dodging
 - Level 5.0 Unarmed Combat
 + Level 2.8 Spellcasting
 + Level 3.9 Transmutations


You had 3 spell levels left.
You knew the following spells:

 Your Spells              Type           Power        Failure   Level  Hunger
a - Beastly Appendage     Tmut           ##....       4%          1    #......
b - Sticks to Snakes      Tmut           ##......     7%          2    ###....
c - Spider Form           Tmut/Pois      #.........   30%         3    ###....


Dungeon Overview and Level Annotations

Branches:
Dungeon (3/15)

Altars:
Makhleb
Nemelex Xobeh
Ru

Annotations:
D:3 Grinder


Message History

Unknown command.
It was a potion of flight.
You feel very buoyant.
You fly up into the air.
The orc barely misses you.
Your ball python bites Grinder but does no damage.
Your ball python constricts Grinder.
Grinder hits your ball python.
Your ball python dies!
Grinder shouts!
A goblin comes into view. It is wielding a club.
Unknown command.
Unknown command.
You closely miss Grinder.
Grinder is heavily wounded.
The goblin shouts!
The orc hits you with a dagger.
* * * LOW HITPOINT WARNING * * *
Grinder gestures at you.
You suddenly lose the ability to move!
The orc hits you with a dagger.
You die...

...##§.§## #.# ...####### #..
._.......# ..# ...####### .g
...###§### .# ...##§§§##
#####.#### ...#§§§§§#
#....g...##
.#.##§.§##########S..%.......
...###§####....5@oog......###
...########.###############
'''########.# ............#
#############


You could see Grinder, an adder, 2 orcs and 2 goblins.

Vanquished Creatures
  An orc wizard (D:3)
  An adder (D:2)
  2 worms (D:2)
  4 leopard geckos
  An orc (D:3)
  5 bats
  4 giant cockroaches
  14 goblins
  7 hobgoblins
  7 jackals
  A quokka (D:2)
  A ball python (D:2)
  2 frilled lizards (D:1)
  5 kobolds
  9 rats
64 creatures vanquished.

Notes
Turn   | Place    | Note
-------+----------+-------------------------------------------
     0 | D:1      | Mgcat the Merfolk Transmuter began the quest for the Orb.
     0 | D:1      | Reached XP level 1. HP: 15/15 MP: 3/3
   283 | D:1      | Reached XP level 2. HP: 18/21 MP: 5/5
   381 | D:1      | Reached skill level 4 in Unarmed Combat
   684 | D:1      | Reached XP level 3. HP: 19/26 MP: 6/6
  1417 | D:2      | Reached skill level 5 in Unarmed Combat
  1426 | D:2      | Learned a level 2 spell: Sticks to Snakes
  1430 | D:2      | Learned a level 3 spell: Spider Form
  1497 | D:2      | Found a burning altar of Makhleb.
  1666 | D:2      | Reached XP level 4. HP: 30/32 MP: 7/7
  1929 | D:2      | Found a sacrificial altar of Ru.
  2975 | D:3      | Found a sparkling altar of Nemelex Xobeh.
  3019 | D:3      | Noticed Grinder
  3029 | D:3      | Reached XP level 5. HP: 26/37 MP: 7/9
  3039 | D:3      | Paralysed by Grinder for 3 turns
  3049 | D:3      | HP: 1/37 [orc/dagger (3)]
  3049 | D:3      | Paralysed by Grinder for 3 turns
  3050 | D:3      | Slain by an orc

Skill      XL: |  1  2  3 |
---------------+----------+-----
Unarmed Combat | 4 5 |  5.0
Transmutations | 3 |  3.9
Fighting       | |  1.1
Dodging        | |  2.6
Spellcasting   | |  2.8

Action                   |  1- 3 |  4- 6 || total
-------------------------+-------+-------++-------
Melee: Unarmed           |   131 |    75 ||   206
       Headbutt          |       |     8 ||     8
       Punch             |       |     2 ||     2
 Cast: Beastly Appendage |       |     2 ||     2
       Sticks to Snakes  |       |     1 ||     1
  Use: Potion            |       |     2 ||     2
 Stab: Sleeping          |     1 |       ||     1
  Eat: Chunk             |     2 |     5 ||     7
Armor: Robe              |    23 |     7 ||    30
Dodge: Dodged            |    98 |    42 ||   140
